 Dungeon Crawl Stone Soup version 0.20.0 (webtiles) character file.

77 Danakh the Covered (level 4, -1/35 HPs)
             Began as a Demonspawn Fighter on June 4, 2017.
             Succumbed to an adder's poison
             ... on level 2 of the Dungeon.
             The game lasted 00:05:00 (1555 turns).

Danakh the Covered (Demonspawn Fighter)             Turns: 1555, Time: 00:05:01

Health: -1/35      AC: 11    Str: 18    XL:     4   Next: 13%
Magic:  4/4        EV:  1    Int:  9    God:
Gold:   56         SH: 15    Dex: 12    Spells: 3/3 levels left

rFire    . . .     SeeInvis .   a - +0 war axe
rCold    . . .     Gourm    .   o - +2 large shield
rNeg     . . .     Faith    .   k - +0 plate armour
rPois    .         Spirit   .   (no helmet)
rElec    .         Reflect  .   (no cloak)
rCorr    .         Harm     .   (no gloves)
MR       .....                  (no boots)
Stlth    ..........             (no amulet)
Regen    0.2/turn               j - ring of loudness (curse)
MPRegen  0.1/turn               (no ring)

@: lethally poisoned (-1 -> -24)
A: rot immunity
a: no special abilities


You were on level 2 of the Dungeon.
You were not hungry.

You visited 1 branch of the dungeon, and saw 2 of its levels.

You collected 56 gold pieces.

Inventory:

Hand Weapons
 a - a +0 war axe (weapon)
Armour
 k - a +0 plate armour (worn)
 o - a +2 large shield (worn)
Jewellery
 j - a cursed ring of loudness (left hand)
Scrolls
 c - a scroll of remove curse {unknown}
 e - 2 scrolls of identify {unknown}
 h - a scroll of magic mapping {unknown}
 i - a scroll of enchant armour {unknown}
 m - a scroll of amnesia {unknown}
 n - a scroll of fog {unknown}
Potions
 b - a potion of flight {unknown}
 d - a potion of might
Comestibles
 f - a bread ration
 g - a fruit
 l - 2 meat rations
 p - 2 chunks of flesh


   Skills:
 + Level 3.2 Fighting
 * Level 2.8 Axes
 + Level 3.4 Armour
 + Level 3.0 Shields


You had 3 spell levels left.
You didn't know any spells.

Dungeon Overview and Level Annotations

Branches:
Dungeon (2/15)

Altars:


Innate Abilities, Weirdness & Mutations

You are immune to rotting.


Message History

You kill the goblin!
* * * LOW HITPOINT WARNING * * *
You feel sick. You block the adder's attack.
The adder bites you but does no damage.
You miss the adder.
The adder is severely wounded.
* * * LOW HITPOINT WARNING * * *
You feel very sick. You block the adder's attack.
The adder bites you but does no damage.
Unknown command.
You hit the adder but do no damage.
The adder is severely wounded.
* * * LOW HITPOINT WARNING * * *
You feel sick. The adder bites you.
* * * LOW HITPOINT WARNING * * *
You are more poisoned.
The adder poisons you! You block the adder's attack.
Your shield and plate armour prevent you from hitting the adder.
The adder is severely wounded.
You die...

##### #...# ########...#
.......#...#
..####.#...# . ..##
#.#...# ...
.(.###.#...########.....
.
.....#..........@)......
.
...#.###.#######S.......
...#..........#.........
.....##.....#.#......(..
.....##.....# #.........
...(.(......# #.........
.....###.#.........#####
###.## #.#.........# #
#.# #.#.....


You could see an adder.

Vanquished Creatures
  An adder (D:2)
  2 dart slugs (D:2)
  A leopard gecko (D:2)
  4 giant cockroaches (D:1)
  8 goblins
  9 hobgoblins
  11 jackals
  A quokka (D:2)
  2 bats
  2 frilled lizards (D:1)
  7 kobolds
  8 rats
56 creatures vanquished.

Vanquished Creatures (others)
  5 toadstools (D:1)
5 creatures vanquished.

Grand Total: 61 creatures vanquished

Notes
Turn   | Place    | Note
-------+----------+-------------------------------------------
     0 | D:1      | Danakh the Demonspawn Fighter began the quest for the Orb.
     0 | D:1      | Reached XP level 1. HP: 18/18 MP: 1/1
   143 | D:1      | Gained mutation: You are immune to rotting. [demonic ancestry]
   143 | D:1      | Reached XP level 2. HP: 24/24 MP: 2/2
   624 | D:1      | Reached XP level 3. HP: 25/29 MP: 3/3
  1468 | D:2      | Reached XP level 4. HP: 31/35 MP: 4/4
  1555 | D:2      | Succumbed to an adder's poison

Skill      XL: |  1  2  3 |
---------------+----------+-----
Axes           | 2 |  2.8
Armour         | 3 |  3.4
Shields        | 3 |  3.0
Fighting       | |  3.2

Action                   |  1- 3 |  4- 6 || total
-------------------------+-------+-------++-------
Melee: War axe           |   170 |    29 ||   199
  Eat: Chunk             |     2 |     1 ||     3
Armor: Scale mail        |     5 |       ||     5
       Plate armour      |   132 |    20 ||   152
Dodge: Dodged            |    18 |     2 ||    20
Block: Shield            |    75 |       ||    75
       Large shield      |    42 |    34 ||    76
